[ AOE2 MATCH · #508756917 ]
UnrankedBurgundians vs Civ #60
[ REPLAY ANALYSIS · EXTRACTED FROM THE RECORDED GAME ]
Feudal
11:06
Castle
14:49
Imperial
—
| APM avg | 47.9 |
| APM peak | 123 |
| eAPM avg | 22.9 |
| Villagers / military | 75 / 45 |
Focus
⚔️ 26.2% · 🌾 73.8%
Knight ×39 · Monk ×4 · Spearman ×2
Feudal
11:06
Castle
15:26
Imperial
—
| APM avg | 34.4 |
| APM peak | 121 |
| eAPM avg | 16.3 |
| Villagers / military | 91 / 1 |
Focus
⚔️ 8.1% · 🌾 91.9%
Unknown (2705) ×16 · Mangonel ×1
Feudal
10:00
Castle
13:57
Imperial
—
| APM avg | 30.3 |
| APM peak | 64 |
| eAPM avg | 15.4 |
| Villagers / military | 69 / 11 |
Focus
⚔️ 31.5% · 🌾 68.5%
Scout Cavalry ×4 · Monk ×3 · Knight ×2 · Mangonel ×1 · Spearman ×1
Feudal
10:33
Castle
14:21
Imperial
—
| APM avg | 33.8 |
| APM peak | 67 |
| eAPM avg | 17.1 |
| Villagers / military | 61 / 33 |
Focus
⚔️ 17.3% · 🌾 82.7%
Knight ×32 · Scout Cavalry ×1
Feudal
12:12
Castle
16:18
Imperial
20:43
| APM avg | 38.8 |
| APM peak | 74 |
| eAPM avg | 17.5 |
| Villagers / military | 72 / 67 |
Focus
⚔️ 30.6% · 🌾 69.4%
Hand Cannoneer ×61 · Bombard Cannon ×5 · Monk ×1
Feudal
9:44
Castle
13:20
Imperial
—
| APM avg | 31.7 |
| APM peak | 67 |
| eAPM avg | 18.0 |
| Villagers / military | 37 / 83 |
Focus
⚔️ 47.8% · 🌾 52.2%
Fire Lancer ×69 · Battering Ram ×14
Match map
Initial resources + every placement click. Lines = walls · curves = elevation contours. ◆ gold · ⬟ stone · ● berries · ✦ relic · ◌ wall gap
Your base· ✓ Closed at 14:49 · 0t walls · 2 gate(s)
WaffNub's base· ✓ Closed at 15:26 · 0t walls · 2 gate(s)
LMG_Leonardo's base· ✓ Closed at 13:57 · 0t walls · 2 gate(s)
KJI's base· ✓ Closed at 14:21 · 0t walls · 2 gate(s)
LMG_SON SABANDIJAS's base· ✓ Closed at 16:18 · 0t walls · 3 gate(s)
christianperalta141's base· ✓ Closed at 13:20 · 0t walls · 3 gate(s)
Smoothed initial terrain · ◌ = detected wall gap · hover for details
Inputs per minute
— LMG_HERA DE TEMU - - WaffNub
Build order — LMG_HERA DE TEMU
First 150 of 204 actions detected
| 0:00 | Queue | Villager (Male) |
| 0:01 | Queue | Villager (Male) |
| 0:01 | Queue | Villager (Male) |
| 0:01 | Queue | Villager (Male) |
| 0:01 | Queue | Villager (Male) |
| 0:03 | Build | House |
| 0:04 | Build | House |
| 1:35 | Queue | Villager (Male) |
| 1:35 | Queue | Villager (Male) |
| 1:35 | Queue | Villager (Male) |
| 1:47 | Build | Lumber Camp |
| 1:53 | Queue | Villager (Male) |
| 1:53 | Queue | Villager (Male) |
| 2:14 | Queue | Villager (Male) |
| 2:14 | Queue | Villager (Male) |
| 2:14 | Queue | Villager (Male) |
| 2:44 | Queue | Villager (Male) |
| 2:44 | Queue | Villager (Male) |
| 2:44 | Queue | Villager (Male) |
| 3:28 | Queue | Villager (Male) |
| 3:28 | Queue | Villager (Male) |
| 3:28 | Queue | Villager (Male) |
| 3:39 | Queue | Villager (Male) |
| 3:48 | Build | House |
| 4:02 | Queue | Villager (Male) |
| 4:02 | Queue | Villager (Male) |
| 4:21 | Build | House |
| 4:44 | Queue | Villager (Male) |
| 4:44 | Queue | Villager (Male) |
| 4:56 | Build | House |
| 5:34 | Build | Mill |
| 5:36 | Queue | Villager (Male) |
| 5:36 | Queue | Villager (Male) |
| 5:37 | Queue | Villager (Male) |
| 5:55 | Queue | Villager (Male) |
| 5:56 | Queue | Villager (Male) |
| 5:56 | Queue | Villager (Male) |
| 6:16 | Build | Farm |
| 6:18 | Build | Farm |
| 6:26 | Queue | Villager (Male) |
| 6:26 | Queue | Villager (Male) |
| 7:17 | Build | Farm |
| 7:18 | Build | Farm |
| 7:26 | Queue | Villager (Male) |
| 7:26 | Queue | Villager (Male) |
| 8:25 | Queue | Villager (Male) |
| 8:34 | Research | Feudal Age |
| 8:35 | Research | Feudal Age |
| 8:39 | Build | Mining Camp |
| 9:26 | Queue | Villager (Male) |
| 9:26 | Queue | Villager (Male) |
| 11:06 | Age | Feudal Age |
| 11:10 | Build | Market |
| 11:15 | Build | Blacksmith |
| 12:09 | Research | Castle Age |
| 12:10 | Research | Castle Age |
| 12:10 | Research | Castle Age |
| 12:18 | Build | Barracks |
| 12:22 | Research | Double-Bit Axe |
| 12:46 | Build | House |
| 13:01 | Research | Gold Mining |
| 13:39 | Build | House |
| 13:46 | Build | Stable |
| 13:51 | Queue | Villager (Male) |
| 13:51 | Queue | Villager (Male) |
| 14:22 | Build | House |
| 14:49 | Age | Castle Age |
| 14:53 | Build | Monastery |
| 15:00 | Research | Cavalier (upgrade) |
| 15:03 | Research | Scale Barding Armor |
| 15:11 | Queue | Villager (Male) |
| 15:11 | Queue | Villager (Male) |
| 15:30 | Research | Horse Collar |
| 15:31 | Queue | Monk |
| 15:31 | Queue | Monk |
| 15:36 | Queue | Spearman |
| 15:44 | Queue | Knight |
| 15:44 | Queue | Knight |
| 15:50 | Research | Husbandry |
| 15:53 | Build | Farm |
| 16:13 | Queue | Spearman |
| 16:16 | Queue | Monk |
| 16:53 | Queue | Villager (Male) |
| 16:53 | Queue | Villager (Male) |
| 16:55 | Build | Farm |
| 16:56 | Build | Farm |
| 16:58 | Build | Farm |
| 16:59 | Build | Farm |
| 17:09 | Build | Farm |
| 17:13 | Queue | Villager (Male) |
| 17:14 | Queue | Villager (Male) |
| 17:35 | Queue | Knight |
| 17:35 | Queue | Knight |
| 17:35 | Queue | Knight |
| 18:02 | Queue | Knight |
| 18:02 | Queue | Knight |
| 18:03 | Queue | Villager (Male) |
| 18:04 | Queue | Villager (Male) |
| 18:08 | Build | Farm |
| 18:09 | Build | Farm |
| 18:12 | Build | Farm |
| 18:13 | Build | Farm |
| 18:19 | Build | Farm |
| 18:20 | Build | Farm |
| 18:24 | Queue | Villager (Male) |
| 18:25 | Queue | Villager (Male) |
| 18:29 | Build | House |
| 18:31 | Build | House |
| 18:35 | Build | House |
| 18:50 | Queue | Knight |
| 18:51 | Queue | Knight |
| 18:59 | Queue | Monk |
| 19:14 | Research | Heavy Plow |
| 19:23 | Build | Farm |
| 19:24 | Build | Farm |
| 19:33 | Build | House |
| 19:35 | Build | House |
| 19:59 | Build | Farm |
| 20:09 | Build | Farm |
| 20:21 | Research | Chain Barding Armor |
| 20:23 | Queue | Knight |
| 20:23 | Queue | Knight |
| 20:24 | Queue | Knight |
| 20:48 | Research | Town Watch |
| 20:59 | Queue | Villager (Male) |
| 20:59 | Queue | Villager (Male) |
| 21:02 | Research | Forging |
| 21:12 | Queue | Knight |
| 21:12 | Queue | Knight |
| 21:12 | Queue | Knight |
| 21:59 | Queue | Knight |
| 22:00 | Queue | Knight |
| 22:00 | Queue | Knight |
| 22:00 | Queue | Knight |
| 22:02 | Queue | Villager (Male) |
| 22:08 | Queue | Villager (Male) |
| 22:08 | Queue | Villager (Male) |
| 22:08 | Build | Town Center |
| 22:09 | Queue | Villager (Male) |
| 22:10 | Queue | Villager (Male) |
| 22:10 | Queue | Villager (Male) |
| 22:10 | Queue | Villager (Male) |
| 22:35 | Queue | Knight |
| 22:35 | Queue | Knight |
| 22:35 | Queue | Knight |
| 23:11 | Queue | Villager (Male) |
| 23:12 | Queue | Villager (Male) |
| 23:16 | Build | Farm |
| 23:16 | Build | Farm |
| 23:17 | Build | Farm |
Build order — WaffNub
First 150 of 196 actions detected
| 0:01 | Queue | Villager (Male) |
| 0:01 | Queue | Villager (Male) |
| 0:02 | Queue | Villager (Male) |
| 0:02 | Queue | Villager (Male) |
| 0:03 | Build | House |
| 0:04 | Build | House |
| 0:06 | Build | House |
| 0:10 | Build | House |
| 1:40 | Queue | Villager (Male) |
| 1:59 | Queue | Villager (Male) |
| 1:59 | Queue | Villager (Male) |
| 2:41 | Queue | Villager (Male) |
| 2:41 | Queue | Villager (Male) |
| 2:43 | Build | Lumber Camp |
| 3:02 | Queue | Villager (Male) |
| 3:02 | Queue | Villager (Male) |
| 3:22 | Queue | Villager (Male) |
| 3:22 | Queue | Villager (Male) |
| 3:44 | Queue | Villager (Male) |
| 3:45 | Queue | Villager (Male) |
| 3:45 | Queue | Villager (Male) |
| 3:45 | Queue | Villager (Male) |
| 4:27 | Queue | Villager (Male) |
| 4:27 | Queue | Villager (Male) |
| 4:28 | Queue | Villager (Male) |
| 4:28 | Queue | Villager (Male) |
| 4:35 | Queue | Villager (Male) |
| 4:35 | Queue | Villager (Male) |
| 4:50 | Build | Mill |
| 6:01 | Build | House |
| 6:06 | Queue | Villager (Male) |
| 6:36 | Queue | Villager (Male) |
| 6:42 | Queue | Villager (Male) |
| 6:42 | Queue | Villager (Male) |
| 7:20 | Queue | Villager (Male) |
| 8:19 | Queue | Villager (Male) |
| 8:46 | Build | Mining Camp |
| 8:49 | Research | Feudal Age |
| 9:45 | Build | House |
| 9:51 | Build | House |
| 10:44 | Queue | Villager (Male) |
| 10:44 | Queue | Villager (Male) |
| 10:54 | Build | House |
| 11:06 | Age | Feudal Age |
| 11:10 | Build | Blacksmith |
| 11:13 | Build | Market |
| 11:30 | Build | Market |
| 11:33 | Queue | Villager (Male) |
| 11:46 | Build | House |
| 11:47 | Build | House |
| 11:47 | Build | House |
| 12:00 | Queue | Villager (Male) |
| 12:44 | Research | Castle Age |
| 12:44 | Research | Castle Age |
| 13:02 | Research | Double-Bit Axe |
| 13:02 | Research | Double-Bit Axe |
| 13:21 | Build | Farm |
| 13:22 | Build | Farm |
| 13:23 | Build | Farm |
| 13:30 | Build | Farm |
| 13:31 | Build | Farm |
| 13:32 | Build | Farm |
| 13:40 | Build | Farm |
| 14:55 | Research | Horse Collar |
| 15:26 | Age | Castle Age |
| 15:30 | Research | Loom |
| 15:31 | Queue | Villager (Male) |
| 15:31 | Queue | Villager (Male) |
| 15:38 | Build | Town Center |
| 15:46 | Build | Town Center |
| 15:53 | Queue | Villager (Male) |
| 16:01 | Build | Farm |
| 16:02 | Build | Farm |
| 16:03 | Build | Farm |
| 16:07 | Build | Farm |
| 16:32 | Research | Bow Saw |
| 16:36 | Queue | Villager (Male) |
| 16:58 | Queue | Villager (Male) |
| 16:58 | Queue | Villager (Male) |
| 16:58 | Queue | Villager (Male) |
| 17:06 | Build | Farm |
| 17:07 | Build | Farm |
| 17:08 | Build | Farm |
| 17:13 | Queue | Villager (Male) |
| 17:14 | Queue | Villager (Male) |
| 17:14 | Queue | Villager (Male) |
| 17:17 | Queue | Villager (Male) |
| 17:17 | Queue | Villager (Male) |
| 17:33 | Queue | Villager (Male) |
| 17:34 | Queue | Villager (Male) |
| 17:42 | Build | Farm |
| 17:43 | Build | Farm |
| 17:47 | Build | Farm |
| 17:51 | Build | Farm |
| 17:52 | Build | Farm |
| 18:14 | Queue | Villager (Male) |
| 18:14 | Queue | Villager (Male) |
| 18:17 | Build | Farm |
| 18:27 | Queue | Villager (Male) |
| 18:27 | Queue | Villager (Male) |
| 18:27 | Queue | Villager (Male) |
| 18:42 | Queue | Villager (Male) |
| 18:42 | Queue | Villager (Male) |
| 19:00 | Build | House |
| 19:00 | Build | House |
| 19:00 | Build | House |
| 19:01 | Build | House |
| 19:01 | Build | House |
| 19:02 | Build | House |
| 19:02 | Build | House |
| 19:02 | Build | House |
| 19:03 | Build | House |
| 19:03 | Build | House |
| 19:03 | Build | House |
| 19:04 | Build | House |
| 19:04 | Build | House |
| 19:04 | Build | House |
| 19:05 | Build | House |
| 19:05 | Build | House |
| 19:06 | Queue | Villager (Male) |
| 19:07 | Queue | Villager (Male) |
| 19:19 | Build | Siege Workshop |
| 19:23 | Queue | Villager (Male) |
| 19:23 | Queue | Villager (Male) |
| 19:24 | Queue | Villager (Male) |
| 19:24 | Queue | Villager (Male) |
| 19:42 | Research | Stone Mining |
| 19:43 | Research | Stone Mining |
| 19:47 | Build | Farm |
| 19:47 | Build | Farm |
| 19:53 | Build | Farm |
| 19:53 | Build | Farm |
| 19:53 | Build | Farm |
| 19:57 | Build | Farm |
| 20:07 | Queue | Mangonel |
| 20:18 | Build | Gate |
| 20:23 | Queue | Villager (Male) |
| 20:23 | Queue | Villager (Male) |
| 20:24 | Queue | Villager (Male) |
| 20:24 | Queue | Villager (Male) |
| 20:38 | Build | House |
| 20:39 | Build | House |
| 20:45 | Research | Wheelbarrow |
| 21:03 | Queue | Villager (Male) |
| 21:03 | Queue | Villager (Male) |
| 21:04 | Queue | Villager (Male) |
| 21:05 | Queue | Villager (Male) |
| 21:47 | Queue | Villager (Male) |
| 21:47 | Queue | Villager (Male) |
| 21:47 | Queue | Villager (Male) |
Build order — LMG_Leonardo
134 actions detected in the replay
| 0:01 | Queue | Villager (Male) |
| 0:01 | Queue | Villager (Male) |
| 0:01 | Queue | Villager (Male) |
| 0:02 | Queue | Villager (Male) |
| 0:03 | Build | House |
| 0:05 | Build | House |
| 0:40 | Queue | Villager (Male) |
| 0:40 | Queue | Villager (Male) |
| 1:23 | Queue | Villager (Male) |
| 1:40 | Build | Lumber Camp |
| 1:50 | Queue | Villager (Male) |
| 2:12 | Research | Loom |
| 2:33 | Queue | Villager (Male) |
| 2:34 | Queue | Villager (Male) |
| 2:34 | Queue | Villager (Male) |
| 2:49 | Queue | Villager (Male) |
| 3:30 | Queue | Villager (Male) |
| 3:31 | Queue | Villager (Male) |
| 3:41 | Build | House |
| 3:42 | Build | House |
| 4:07 | Build | House |
| 4:37 | Queue | Villager (Male) |
| 4:37 | Queue | Villager (Male) |
| 4:37 | Queue | Villager (Male) |
| 4:37 | Queue | Villager (Male) |
| 4:51 | Build | Mill |
| 5:33 | Queue | Villager (Male) |
| 6:29 | Queue | Villager (Male) |
| 6:29 | Queue | Villager (Male) |
| 6:30 | Queue | Villager (Male) |
| 7:40 | Build | Mining Camp |
| 7:50 | Research | Feudal Age |
| 7:53 | Queue | Villager (Male) |
| 7:53 | Queue | Villager (Male) |
| 10:00 | Age | Feudal Age |
| 10:02 | Build | Market |
| 10:05 | Build | Blacksmith |
| 10:11 | Research | Loom |
| 10:15 | Queue | Villager (Male) |
| 10:38 | Research | Loom |
| 11:11 | Build | Barracks |
| 11:13 | Build | House |
| 11:22 | Research | Castle Age |
| 12:16 | Build | Stable |
| 12:34 | Research | Double-Bit Axe |
| 12:36 | Queue | Villager (Male) |
| 12:36 | Queue | Villager (Male) |
| 12:36 | Queue | Villager (Male) |
| 12:37 | Queue | Villager (Male) |
| 13:08 | Build | Lumber Camp |
| 13:15 | Queue | Scout Cavalry |
| 13:16 | Queue | Scout Cavalry |
| 13:16 | Queue | Scout Cavalry |
| 13:37 | Build | House |
| 13:46 | Queue | Spearman |
| 13:57 | Age | Castle Age |
| 14:00 | Build | Town Center |
| 14:21 | Build | Farm |
| 14:24 | Build | Farm |
| 14:42 | Queue | Villager (Male) |
| 14:49 | Queue | Villager (Male) |
| 14:49 | Queue | Villager (Male) |
| 14:57 | Build | Monastery |
| 15:04 | Queue | Villager (Male) |
| 15:12 | Queue | Villager (Male) |
| 15:12 | Queue | Villager (Male) |
| 15:12 | Queue | Villager (Male) |
| 15:32 | Build | Farm |
| 15:34 | Build | Farm |
| 15:38 | Build | Farm |
| 15:40 | Build | Farm |
| 15:45 | Queue | Villager (Male) |
| 15:49 | Queue | Villager (Male) |
| 15:49 | Queue | Villager (Male) |
| 15:49 | Queue | Villager (Male) |
| 15:53 | Queue | Monk |
| 15:53 | Queue | Monk |
| 15:56 | Build | Farm |
| 15:59 | Build | Farm |
| 16:03 | Build | Farm |
| 16:07 | Build | Farm |
| 16:28 | Queue | Villager (Male) |
| 16:28 | Queue | Villager (Male) |
| 16:34 | Build | Farm |
| 16:39 | Build | Farm |
| 16:43 | Build | Farm |
| 16:48 | Build | Farm |
| 16:51 | Queue | Villager (Male) |
| 17:04 | Queue | Monk |
| 17:08 | Build | House |
| 17:09 | Build | House |
| 17:10 | Build | House |
| 17:12 | Queue | Villager (Male) |
| 17:12 | Queue | Villager (Male) |
| 17:29 | Queue | Villager (Male) |
| 17:30 | Queue | Villager (Male) |
| 17:38 | Queue | Villager (Male) |
| 17:39 | Queue | Villager (Male) |
| 17:39 | Queue | Villager (Male) |
| 17:46 | Build | Farm |
| 17:46 | Build | Farm |
| 17:47 | Build | Farm |
| 17:48 | Build | Farm |
| 17:53 | Build | Farm |
| 17:53 | Build | Farm |
| 17:53 | Build | Farm |
| 17:54 | Build | Farm |
| 18:07 | Queue | Scout Cavalry |
| 18:14 | Queue | Knight |
| 18:14 | Queue | Knight |
| 18:53 | Research | Fletching |
| 19:16 | Queue | Villager (Male) |
| 19:17 | Queue | Villager (Male) |
| 19:17 | Queue | Villager (Male) |
| 19:17 | Queue | Villager (Male) |
| 19:34 | Queue | Villager (Male) |
| 19:34 | Queue | Villager (Male) |
| 20:03 | Queue | Villager (Male) |
| 21:13 | Queue | Villager (Male) |
| 21:13 | Queue | Villager (Male) |
| 21:50 | Queue | Villager (Male) |
| 21:50 | Queue | Villager (Male) |
| 23:00 | Build | Siege Workshop |
| 23:09 | Queue | Villager (Male) |
| 23:10 | Queue | Villager (Male) |
| 23:10 | Queue | Villager (Male) |
| 23:50 | Queue | Mangonel |
| 24:12 | Queue | Villager (Male) |
| 24:12 | Queue | Villager (Male) |
| 25:23 | Build | Gate |
| 26:46 | Queue | Villager (Male) |
| 26:47 | Queue | Villager (Male) |
| 26:54 | Build | Gate |
| 27:16 | Queue | Villager (Male) |
Build order — KJI
First 150 of 155 actions detected
| 0:01 | Queue | Villager (Male) |
| 0:03 | Build | House |
| 0:05 | Build | House |
| 0:20 | Queue | Villager (Male) |
| 0:20 | Queue | Villager (Male) |
| 0:20 | Queue | Villager (Male) |
| 1:33 | Queue | Villager (Male) |
| 1:34 | Queue | Villager (Male) |
| 1:47 | Queue | Villager (Male) |
| 1:48 | Queue | Villager (Male) |
| 2:20 | Queue | Villager (Male) |
| 2:20 | Queue | Villager (Male) |
| 2:21 | Queue | Villager (Male) |
| 2:43 | Queue | Villager (Male) |
| 2:43 | Queue | Villager (Male) |
| 3:03 | Build | Lumber Camp |
| 3:19 | Queue | Villager (Male) |
| 3:19 | Queue | Villager (Male) |
| 3:24 | Build | House |
| 3:54 | Queue | Villager (Male) |
| 3:54 | Queue | Villager (Male) |
| 4:20 | Queue | Villager (Male) |
| 4:40 | Queue | Villager (Male) |
| 4:41 | Queue | Villager (Male) |
| 4:41 | Queue | Villager (Male) |
| 4:51 | Queue | Villager (Male) |
| 4:52 | Queue | Villager (Male) |
| 5:20 | Queue | Villager (Male) |
| 5:20 | Queue | Villager (Male) |
| 5:23 | Build | House |
| 5:39 | Build | Mill |
| 5:43 | Queue | Villager (Male) |
| 5:57 | Queue | Villager (Male) |
| 5:58 | Queue | Villager (Male) |
| 6:21 | Queue | Villager (Male) |
| 6:40 | Queue | Villager (Male) |
| 7:21 | Queue | Villager (Male) |
| 8:23 | Research | Feudal Age |
| 9:28 | Queue | Villager (Male) |
| 9:35 | Build | Mining Camp |
| 9:49 | Queue | Villager (Male) |
| 10:06 | Queue | Villager (Male) |
| 10:33 | Age | Feudal Age |
| 10:42 | Build | Market |
| 10:46 | Build | Blacksmith |
| 11:03 | Research | Loom |
| 11:41 | Research | Castle Age |
| 12:12 | Research | Double-Bit Axe |
| 12:13 | Research | Double-Bit Axe |
| 12:51 | Queue | Villager (Male) |
| 13:29 | Research | Horse Collar |
| 13:41 | Build | House |
| 14:21 | Age | Castle Age |
| 14:30 | Build | Town Center |
| 14:32 | Queue | Villager (Male) |
| 14:36 | Research | Heavy Plow |
| 14:40 | Queue | Villager (Male) |
| 14:55 | Queue | Villager (Male) |
| 15:06 | Build | Farm |
| 15:06 | Build | Farm |
| 15:06 | Build | Farm |
| 15:06 | Build | Farm |
| 15:07 | Build | Farm |
| 15:07 | Build | Farm |
| 15:07 | Build | Farm |
| 15:07 | Build | Farm |
| 15:22 | Queue | Villager (Male) |
| 15:22 | Queue | Villager (Male) |
| 15:22 | Queue | Villager (Male) |
| 15:40 | Build | Farm |
| 16:09 | Build | Mill |
| 16:11 | Build | Farm |
| 16:11 | Build | Farm |
| 16:11 | Build | Farm |
| 16:16 | Queue | Villager (Male) |
| 16:46 | Build | Farm |
| 16:46 | Build | Farm |
| 16:48 | Queue | Villager (Male) |
| 16:59 | Build | Barracks |
| 17:02 | Queue | Villager (Male) |
| 17:17 | Queue | Villager (Male) |
| 17:38 | Build | Farm |
| 17:42 | Queue | Villager (Male) |
| 17:46 | Build | House |
| 17:48 | Build | House |
| 17:50 | Build | House |
| 17:51 | Build | House |
| 17:54 | Queue | Villager (Male) |
| 17:57 | Build | House |
| 17:58 | Build | House |
| 18:00 | Build | House |
| 18:11 | Build | Farm |
| 18:11 | Build | Farm |
| 18:11 | Build | Farm |
| 18:12 | Build | Farm |
| 18:12 | Build | Farm |
| 18:33 | Queue | Villager (Male) |
| 18:42 | Build | Stable |
| 18:53 | Queue | Villager (Male) |
| 19:07 | Queue | Villager (Male) |
| 19:25 | Queue | Knight |
| 19:26 | Queue | Knight |
| 19:26 | Queue | Knight |
| 19:39 | Queue | Villager (Male) ×2 |
| 19:49 | Build | Mill |
| 19:51 | Build | Farm |
| 19:51 | Build | Farm |
| 19:51 | Build | Farm |
| 19:51 | Build | Farm |
| 19:55 | Queue | Knight |
| 20:10 | Queue | Villager (Male) |
| 20:14 | Build | Farm |
| 20:18 | Queue | Villager (Male) ×2 |
| 20:25 | Build | Stable |
| 20:47 | Queue | Villager (Male) |
| 20:51 | Build | Farm |
| 21:04 | Queue | Knight |
| 21:04 | Queue | Knight |
| 21:10 | Queue | Scout Cavalry |
| 21:24 | Queue | Villager (Male) |
| 21:24 | Queue | Villager (Male) ×4 |
| 21:38 | Research | Gold Mining |
| 21:38 | Research | Gold Mining |
| 21:55 | Build | Mining Camp |
| 22:03 | Research | Wheelbarrow |
| 22:34 | Queue | Knight |
| 22:34 | Queue | Knight |
| 22:50 | Queue | Knight |
| 22:50 | Queue | Knight |
| 23:09 | Build | Mining Camp |
| 23:14 | Queue | Knight |
| 23:15 | Queue | Knight |
| 23:27 | Build | House |
| 23:31 | Build | House |
| 23:34 | Build | House |
| 23:36 | Build | House |
| 23:41 | Queue | Knight |
| 23:42 | Queue | Knight |
| 23:53 | Research | Bloodlines |
| 24:16 | Build | House |
| 24:22 | Queue | Knight |
| 24:22 | Queue | Knight |
| 24:22 | Queue | Knight |
| 24:37 | Research | Scale Barding Armor |
| 24:40 | Queue | Knight |
| 24:41 | Queue | Knight |
| 24:41 | Queue | Knight |
| 25:21 | Queue | Knight ×3 |
| 25:22 | Queue | Knight ×3 |
| 25:43 | Queue | Knight ×2 |
Build order — LMG_SON SABANDIJAS
First 150 of 196 actions detected
| 0:01 | Queue | Villager (Male) |
| 0:01 | Queue | Villager (Male) |
| 0:01 | Queue | Villager (Male) |
| 0:02 | Queue | Villager (Male) |
| 0:06 | Build | House |
| 0:07 | Build | House |
| 1:36 | Queue | Villager (Male) |
| 1:36 | Queue | Villager (Male) |
| 1:55 | Build | Lumber Camp |
| 1:59 | Queue | Villager (Male) |
| 2:00 | Queue | Villager (Male) |
| 2:00 | Queue | Villager (Male) |
| 2:17 | Queue | Villager (Male) |
| 2:18 | Queue | Villager (Male) |
| 2:18 | Queue | Villager (Male) |
| 2:32 | Queue | Villager (Male) |
| 2:32 | Queue | Villager (Male) |
| 3:13 | Queue | Villager (Male) |
| 3:13 | Queue | Villager (Male) |
| 3:13 | Queue | Villager (Male) |
| 3:42 | Queue | Villager (Male) |
| 3:42 | Queue | Villager (Male) |
| 3:51 | Build | House |
| 4:00 | Build | Mill |
| 4:02 | Queue | Villager (Male) |
| 4:02 | Queue | Villager (Male) |
| 4:02 | Queue | Villager (Male) |
| 4:20 | Build | House |
| 4:25 | Queue | Villager (Male) |
| 4:25 | Queue | Villager (Male) |
| 4:47 | Queue | Villager (Male) |
| 5:02 | Build | House |
| 5:07 | Build | House |
| 5:20 | Queue | Villager (Male) |
| 5:21 | Queue | Villager (Male) |
| 5:31 | Queue | Villager (Male) |
| 5:32 | Queue | Villager (Male) |
| 5:40 | Queue | Villager (Male) |
| 5:40 | Queue | Villager (Male) |
| 6:03 | Build | Lumber Camp |
| 6:12 | Queue | Villager (Male) |
| 6:13 | Queue | Villager (Male) |
| 6:13 | Queue | Villager (Male) |
| 6:41 | Queue | Villager (Male) |
| 6:49 | Queue | Villager (Male) |
| 6:49 | Queue | Villager (Male) |
| 7:11 | Build | Mining Camp |
| 7:38 | Queue | Villager (Male) |
| 7:39 | Queue | Villager (Male) |
| 7:39 | Queue | Villager (Male) |
| 7:47 | Queue | Villager (Male) |
| 8:00 | Build | Farm |
| 8:12 | Queue | Villager (Male) |
| 8:12 | Queue | Villager (Male) |
| 8:26 | Build | Farm |
| 8:34 | Build | Farm |
| 8:37 | Build | Farm |
| 8:50 | Build | Farm |
| 9:02 | Queue | Villager (Male) |
| 9:02 | Queue | Villager (Male) |
| 9:07 | Queue | Villager (Male) |
| 9:13 | Queue | Villager (Male) |
| 9:13 | Queue | Villager (Male) |
| 9:17 | Build | Farm |
| 9:31 | Queue | Villager (Male) |
| 9:32 | Queue | Villager (Male) |
| 9:48 | Research | Feudal Age |
| 11:13 | Queue | Villager (Male) |
| 11:13 | Queue | Villager (Male) |
| 11:15 | Queue | Villager (Male) |
| 12:12 | Age | Feudal Age |
| 12:15 | Build | Market |
| 12:18 | Build | Blacksmith |
| 12:22 | Research | Horse Collar |
| 12:23 | Research | Double-Bit Axe |
| 12:57 | Build | House |
| 13:04 | Build | House |
| 13:38 | Research | Castle Age |
| 13:38 | Research | Castle Age |
| 13:49 | Build | Farm |
| 14:53 | Queue | Villager (Male) |
| 14:53 | Queue | Villager (Male) |
| 15:48 | Build | Farm |
| 15:52 | Build | Farm |
| 16:12 | Build | Farm |
| 16:18 | Age | Castle Age |
| 16:31 | Build | Siege Workshop |
| 16:34 | Build | House |
| 16:43 | Build | Monastery |
| 16:47 | Queue | Villager (Male) |
| 16:52 | Build | Farm |
| 16:54 | Build | Farm |
| 16:56 | Build | Farm |
| 17:17 | Build | Barracks |
| 17:33 | Research | Imperial Age |
| 18:32 | Queue | Villager (Male) |
| 18:33 | Queue | Villager (Male) |
| 18:45 | Build | Archery Range |
| 18:57 | Build | Archery Range |
| 19:16 | Queue | Monk |
| 20:04 | Build | Archery Range |
| 20:22 | Build | House |
| 20:43 | Age | Imperial Age |
| 20:52 | Queue | Hand Cannoneer |
| 20:52 | Queue | Hand Cannoneer |
| 20:52 | Queue | Hand Cannoneer |
| 21:00 | Queue | Hand Cannoneer |
| 21:00 | Queue | Hand Cannoneer |
| 21:05 | Queue | Villager (Male) |
| 21:08 | Queue | Bombard Cannon |
| 21:08 | Queue | Bombard Cannon |
| 21:09 | Queue | Bombard Cannon |
| 21:14 | Build | House |
| 21:22 | Build | House |
| 21:23 | Queue | Hand Cannoneer |
| 21:24 | Queue | Hand Cannoneer |
| 21:40 | Queue | Villager (Male) |
| 21:41 | Queue | Villager (Male) |
| 21:41 | Queue | Villager (Male) |
| 21:43 | Queue | Hand Cannoneer |
| 21:44 | Queue | Hand Cannoneer |
| 21:44 | Queue | Hand Cannoneer |
| 21:55 | Queue | Hand Cannoneer |
| 21:55 | Queue | Hand Cannoneer |
| 22:15 | Queue | Villager (Male) |
| 22:16 | Queue | Villager (Male) |
| 22:27 | Queue | Hand Cannoneer |
| 22:36 | Build | House |
| 22:40 | Queue | Villager (Male) |
| 22:45 | Queue | Bombard Cannon |
| 22:46 | Queue | Bombard Cannon |
| 23:01 | Build | House |
| 23:02 | Build | House |
| 23:04 | Queue | Villager (Male) |
| 23:07 | Queue | Hand Cannoneer |
| 23:08 | Queue | Hand Cannoneer |
| 23:08 | Queue | Hand Cannoneer |
| 23:25 | Queue | Hand Cannoneer |
| 23:25 | Queue | Hand Cannoneer |
| 23:31 | Queue | Hand Cannoneer |
| 23:31 | Queue | Hand Cannoneer |
| 23:35 | Research | Padded Archer Armor |
| 23:36 | Research | Padded Archer Armor |
| 23:53 | Queue | Hand Cannoneer |
| 23:53 | Queue | Hand Cannoneer |
| 24:10 | Queue | Hand Cannoneer |
| 24:10 | Queue | Hand Cannoneer |
| 24:10 | Queue | Hand Cannoneer |
| 24:18 | Queue | Hand Cannoneer |
| 24:18 | Queue | Hand Cannoneer |
Build order — christianperalta141
114 actions detected in the replay
| 0:44 | Queue | Villager (Male) |
| 0:44 | Queue | Villager (Male) |
| 1:18 | Build | Lumber Camp |
| 1:19 | Queue | Villager (Male) |
| 1:20 | Queue | Villager (Male) |
| 1:37 | Queue | Villager (Male) |
| 2:09 | Queue | Villager (Male) |
| 2:09 | Queue | Villager (Male) |
| 2:33 | Queue | Villager (Male) |
| 2:34 | Queue | Villager (Male) |
| 2:58 | Queue | Villager (Male) |
| 2:58 | Queue | Villager (Male) |
| 3:24 | Queue | Villager (Male) |
| 3:24 | Queue | Villager (Male) |
| 3:24 | Queue | Villager (Male) |
| 3:38 | Build | House |
| 3:47 | Queue | Villager (Male) |
| 3:47 | Queue | Villager (Male) |
| 3:56 | Queue | Villager (Male) |
| 4:15 | Queue | Villager (Male) |
| 4:27 | Queue | Villager (Male) |
| 4:27 | Queue | Villager (Male) |
| 4:53 | Queue | Villager (Male) |
| 4:53 | Queue | Villager (Male) |
| 4:53 | Queue | Villager (Male) |
| 5:17 | Queue | Villager (Male) |
| 5:17 | Queue | Villager (Male) |
| 5:19 | Queue | Villager (Male) |
| 5:19 | Queue | Villager (Male) |
| 5:24 | Build | House |
| 5:35 | Queue | Villager (Male) |
| 5:55 | Queue | Villager (Male) |
| 6:23 | Build | Mill |
| 6:48 | Build | Mining Camp |
| 7:04 | Queue | Villager (Male) |
| 7:29 | Research | Feudal Age |
| 8:05 | Queue | Villager (Male) |
| 8:05 | Queue | Villager (Male) |
| 9:44 | Age | Feudal Age |
| 9:46 | Build | Blacksmith |
| 9:49 | Build | Market |
| 10:40 | Research | Castle Age |
| 11:03 | Research | Double-Bit Axe |
| 11:32 | Build | Barracks |
| 12:19 | Build | Barracks |
| 12:31 | Build | House |
| 12:32 | Build | House |
| 13:18 | Build | House |
| 13:20 | Age | Castle Age |
| 13:24 | Build | Siege Workshop |
| 13:49 | Queue | Battering Ram |
| 13:50 | Queue | Battering Ram |
| 13:51 | Queue | Fire Lancer |
| 13:51 | Queue | Fire Lancer |
| 13:52 | Queue | Fire Lancer |
| 14:15 | Queue | Fire Lancer |
| 14:15 | Queue | Fire Lancer |
| 14:20 | Queue | Battering Ram |
| 14:46 | Queue | Fire Lancer |
| 14:47 | Queue | Fire Lancer |
| 15:02 | Queue | Battering Ram |
| 15:02 | Queue | Battering Ram |
| 15:12 | Queue | Fire Lancer |
| 15:12 | Queue | Fire Lancer |
| 15:19 | Queue | Fire Lancer |
| 15:46 | Queue | Fire Lancer |
| 15:46 | Queue | Fire Lancer |
| 15:49 | Queue | Fire Lancer |
| 15:49 | Queue | Fire Lancer |
| 16:19 | Queue | Fire Lancer |
| 16:19 | Queue | Fire Lancer |
| 16:19 | Queue | Fire Lancer |
| 17:04 | Queue | Fire Lancer |
| 17:28 | Build | House |
| 17:33 | Queue | Battering Ram |
| 17:36 | Queue | Fire Lancer ×2 |
| 17:36 | Queue | Fire Lancer ×2 |
| 18:04 | Research | Scale Mail Armor |
| 18:10 | Queue | Fire Lancer |
| 18:13 | Research | Arson |
| 18:33 | Build | House |
| 19:27 | Queue | Fire Lancer ×4 |
| 19:27 | Queue | Fire Lancer ×5 |
| 19:43 | Queue | Battering Ram |
| 20:14 | Queue | Fire Lancer ×3 |
| 20:14 | Queue | Fire Lancer ×3 |
| 20:59 | Queue | Battering Ram |
| 21:00 | Queue | Battering Ram |
| 21:38 | Queue | Fire Lancer ×3 |
| 21:38 | Queue | Fire Lancer ×3 |
| 21:57 | Queue | Fire Lancer ×2 |
| 21:57 | Queue | Fire Lancer ×2 |
| 22:02 | Queue | Fire Lancer |
| 22:02 | Queue | Fire Lancer |
| 22:03 | Queue | Fire Lancer |
| 22:27 | Queue | Fire Lancer |
| 22:27 | Queue | Fire Lancer |
| 22:34 | Queue | Villager (Male) |
| 22:43 | Queue | Battering Ram |
| 23:11 | Queue | Battering Ram |
| 23:11 | Queue | Battering Ram |
| 23:44 | Queue | Fire Lancer ×2 |
| 23:44 | Queue | Fire Lancer ×2 |
| 24:16 | Queue | Fire Lancer ×2 |
| 24:18 | Queue | Villager (Male) |
| 25:38 | Queue | Fire Lancer ×5 |
| 25:38 | Queue | Fire Lancer ×5 |
| 25:42 | Queue | Villager (Male) |
| 26:05 | Queue | Battering Ram |
| 26:18 | Queue | Villager (Male) |
| 26:47 | Queue | Battering Ram |
| 26:48 | Queue | Villager (Male) |
| 26:51 | Build | Farm |
| 26:51 | Build | Farm |
Match timeline
| 9:44 | christianperalta141 · age_up feudal |
| 10:00 | LMG_Leonardo · age_up feudal |
| 10:33 | KJI · age_up feudal |
| 10:38 | christianperalta141 · first_market_sell 500 stone |
| 10:39 | christianperalta141 · first_market_buy 100 food |
| 11:06 | WaffNub · age_up feudal |
| 11:06 | LMG_HERA DE TEMU · age_up feudal |
| 11:11 | LMG_Leonardo · first_building Barracks |
| 11:32 | christianperalta141 · first_building Barracks |
| 11:41 | KJI · first_market_sell 100 wood |
| 12:12 | LMG_SON SABANDIJAS · age_up feudal |
| 12:16 | LMG_Leonardo · first_building Stable |
| 12:18 | LMG_HERA DE TEMU · first_building Barracks |
| 13:20 | christianperalta141 · age_up castle |
| 13:24 | christianperalta141 · first_building Siege Workshop |
| 13:46 | LMG_HERA DE TEMU · first_building Stable |
| 13:57 | LMG_Leonardo · age_up castle |
| 14:21 | KJI · age_up castle |
| 14:47 | LMG_Leonardo · first_market_buy 100 food |
| 14:49 | LMG_HERA DE TEMU · age_up castle |
| 14:53 | LMG_HERA DE TEMU · first_building Monastery |
| 14:57 | LMG_Leonardo · first_building Monastery |
| 15:26 | WaffNub · age_up castle |
| 16:18 | LMG_SON SABANDIJAS · age_up castle |
| 16:31 | LMG_SON SABANDIJAS · first_building Siege Workshop |
| 16:43 | LMG_SON SABANDIJAS · first_building Monastery |
| 16:59 | KJI · first_building Barracks |
| 17:04 | LMG_SON SABANDIJAS · first_market_sell 100 stone |
| 17:17 | LMG_SON SABANDIJAS · first_building Barracks |
| 18:00 | WaffNub · tribute_sent a jugador 2 |
| 18:00 | WaffNub · tribute_sent a jugador 3 |
| 18:00 | WaffNub · tribute_sent a jugador 4 |
| 18:00 | WaffNub · tribute_sent a jugador 5 |
| 18:00 | WaffNub · tribute_sent a jugador 6 |
| 18:42 | KJI · first_building Stable |
| 18:45 | LMG_SON SABANDIJAS · first_building Archery Range |
| 19:19 | WaffNub · first_building Siege Workshop |
| 20:43 | LMG_SON SABANDIJAS · age_up imperial |
| 22:05 | WaffNub · first_market_buy 100 stone |
| 22:47 | WaffNub · first_building Castle |
| 23:00 | LMG_Leonardo · first_building Siege Workshop |
| 23:40 | LMG_Leonardo · first_market_sell 100 wood |
| 26:30 | WaffNub · first_building Barracks |
| 26:53 | WaffNub · resign |
[ AI ANALYSIS · 1 CREDIT ]
What really happened in this match?
Wolo.gg analyzes every decision: build order, eco, micro, common mistakes by bracket. Personalized analysis on WhatsApp or Discord in 30 seconds.
Civ guide
Burgundians
Perfil
Jugador #12168959